 Dungeon Crawl Stone Soup version 0.29-a0-322-g68df515428 (webtiles) character file.

Game seed: 12551712238764059553

308 spiderkeys the Ducker (level 6, -5/32 HPs)
             Began as a Spriggan Abyssal Knight on Apr 7, 2022.
             Was an Elder of Lugonu.
             Killed by nerve-wracking pain
             ... invoked by an orc priest
              (10 damage)
             ... on level 3 of the Dungeon.
             The game lasted 00:07:39 (2716 turns).

spiderkeys the Ducker (Spriggan Abyssal Knight)     Turns: 2716, Time: 00:07:39

Health: -5/32      AC:  2    Str:  9    XL:     6   Next: 16%
Magic:  8/8        EV: 23    Int: 12    God:    Lugonu [****..]
Gold:   89         SH:  0    Dex: 17    Spells: 5/5 levels left

rFire   . . .      SeeInvis +   j - +1 dagger (freeze)
rCold   . . .      Faith    .   (no shield)
rNeg    . . .      Spirit   .   b - +0 robe
rPois   .          Reflect  .   (helmet restricted)
rElec   .          Harm     .   (no cloak)
rCorr   .          Rampage  .   (gloves unavailable)
Will    +....                   (boots unavailable)
Stlth   +++.......              (no amulet)
HPRegen 0.10/turn               E - +4 ring of evasion
MPRegen 0.11/turn               (no ring)

@: flying, very quick
A: very small, no large weapons, unfitting armour, see invisible, speed 3
a: Renounce Religion, Depart the Abyss, Bend Space, Banish, Corrupt


You were on level 3 of the Dungeon.
You worshipped Lugonu.
Lugonu was greatly pleased with you.
You visited 1 branch of the dungeon, and saw 3 of its levels.
You visited the Abyss 1 time.

You collected 89 gold pieces.


Innate Abilities, Weirdness & Mutations

You are very small and have problems with some larger weapons.
You are too small for most types of armour.
You have supernaturally acute eyesight. (SInv)
You cover ground extremely quickly. (Speed+++)


   Skills:
 + Level 3.5 Fighting
 + Level 4.0 Short Blades
 + Level 5.2 Dodging
 + Level 4.5 Stealth
 - Level 1.7 Invocations


You had 5 spell levels left.
You didn't know any spells.
Your spell library contained the following spells:

 Spells                   Type           Power      Damage    Failure   Level
 Confusing Touch          Hex            0%         N/A       69%         3
 Fireball                 Conj/Fire      0%         3d3       100%        5
 Iskenderun's Battlesphe  Conj           0%         2d6       100%        5
 Yara's Violent Unravell  Hex/Tmut       0%         3d3       100%        5
 Conjure Ball Lightning   Conj/Air       0%         3x3d6     100%        6
 Enfeeble                 Hex            0%         N/A       100%        7
 Orb of Destruction       Conj           0%         9d5       100%        7

Inventory:

Hand Weapons
 a - a +1 short sword
 j - a +1 dagger of freezing (weapon)
   (You took it off a goblin on level 1 of the Dungeon)
Missiles
 c - 94 stones
Armour
 b - a +0 robe (worn)
 l - a +0 robe
   (You took it off Sigmund on level 2 of the Dungeon)
 m - a +0 robe
   (You took it off Jessica on level 2 of the Dungeon)
Jewellery
 E - a +4 ring of evasion (left hand)
   (You found it on level 1 of the Dungeon)
Scrolls
 d - 2 scrolls of amnesia {unknown}
 e - 2 scrolls of immolation {unknown}
 f - a scroll of holy word {unknown}
 h - 3 scrolls of identify {unknown}
 i - a scroll of fog {unknown}
 n - a scroll of fear {unknown}
Potions
 k - a potion of magic {unknown}
 o - a potion of degeneration {unknown}

Dungeon Overview and Level Annotations

Branches:
Dungeon (3/15)

Altars:
Yredelemnul

#### ..≈## ####.#
...# #.....# #≈.#
##......# #≈B#
#.......# #@§#
#.......# #§§#
#.......# #≈o#
........# #≈≈##
........# #≈≈≈#
##.<....## #≈oh#
#........########≈.#
#.........#.....#..#
..........##o.....##


You could see an orc priest, an orc wizard, a jackal and a giant cockroach.


Message History

Lugonu accepts your kill. The jackal misses you.
The jackal completely misses you. 😮 HP[+1]
You closely miss the jackal. The jackal misses you.
The jackal completely misses you.
You barely miss the jackal. The jackal closely misses you.
The jackal completely misses you.
You barely miss the jackal. The jackal closely misses you.
The jackal misses you.
You barely miss the jackal. The jackal bites you.
The jackal closely misses you. 😮 HP[-1]
You take 1 damage, and now have 18/32 hp.
You hit the jackal. You freeze the jackal.
You kill the jackal!
Lugonu accepts your kill. The jackal misses you. The jackal bites you. 😮 HP[-1]
You take 1 damage, and now have 17/32 hp.
You barely miss the jackal. The jackal closely misses you.
You closely miss the jackal. The jackal barely misses you.
You barely miss the jackal. You punch the jackal. The jackal barely misses you.
You hit the jackal. You freeze the jackal.
You kill the jackal!
Lugonu accepts your kill.
You hear the rusting of a drain nearby.
Things that are here:
a ball python corpse; a rat corpse; a hobgoblin corpse An orc comes into view.
It is wielding a +0 falchion.
The orc shouts!
You hear a bark!
You hear a shout!
You hear a bark!
The orc moves out of view.
An orc wizard comes into view. It is wielding a +0 dagger.
Things that are here:
a +0 short sword; a kobold corpse 😮 HP[+1]
An orc comes into view. It is wielding a +0 hand axe.
An orc priest comes into view. It is wielding a +0 club.
Things that are here:
a +0 short sword; a kobold corpse
Things that are here:
a ball python corpse; a rat corpse; a hobgoblin corpse 😮 HP[+1]
There is a stone staircase leading down here.
A quokka comes into view. 😮 HP[+1]
A jackal comes into view.
The jackal barks!
A jackal comes into view.
The jackal barks! 😮 HP[+1]
You enter the shallow water.
Moving in this stuff is going to be slow.
You enter the shallow water.
Moving in this stuff is going to be slow.
A quokka comes into view.
A giant cockroach comes into view. 😮 HP[+1]
A giant cockroach comes into view.
You barely miss the quokka. The quokka closely misses you.
You hit the quokka but do no damage. The quokka misses you.
You closely miss the quokka. The quokka completely misses you.
You hit the quokka but do no damage. The quokka misses you.
You hit the quokka. You freeze the quokka.
The quokka splashes around in the water.
You hit the quokka. You freeze the quokka. The quokka bites you. 😮 HP[-1]
You take 1 damage, and now have 21/32 hp.
You hit the quokka. You freeze the quokka.
You kill the quokka!
Lugonu accepts your kill.
You completely miss the giant cockroach.
The orc priest calls down the wrath of Beogh upon you.
Beogh smites you!
* * * LOW HITPOINT WARNING * * *
😱 HP[-14]
You take 14 damage, and now have 7/32 hp.
MASSIVE DAMAGE!! (PAUSE)
You barely miss the giant cockroach.
You hear the rusting of a drain.
The giant cockroach completely misses you.
The orc wizard misses you.
You barely miss the giant cockroach.
The giant cockroach bites you but does no damage.
Okay, then.
Okay, then.
You feel very buoyant.
You fly up into the air.
The orc wizard casts a spell at you. The puff of flame misses you.
The puff of flame hits the giant cockroach!
The giant cockroach dies! 😱 HP[+1]
You are engulfed in a cloud of scalding steam.
* * * LOW HITPOINT WARNING * * *
The orc wizard casts a spell at you. The puff of flame misses you.
The orc priest mumbles some strange prayers to Beogh against you.
Pain shoots through your body!
You die...

Skill      XL: |  1  2  3  4  5  6 |
---------------+-------------------+-----
Stealth        | 1 2 4 |  4.5
Dodging        | 4 5 |  5.2
Short Blades   | 3 4 |  4.0
Fighting       | 3 |  3.5
Invocations    | |  1.7

Action                   |  1- 3 |  4- 6 || total
-------------------------+-------+-------++-------
Melee: Short sword       |    99 |    22 ||   121
       Punch             |     3 |     1 ||     4
       Dagger            |       |   107 ||   107
  Use: Potion            |       |     2 ||     2
 Stab: Sleeping          |    13 |     2 ||    15
Armor: Robe              |     6 |     7 ||    13
Dodge: Dodged            |    69 |   112 ||   181

Levels and vault maps discovered:
D:1:      dpeg_arrival_boxes_within_box, layout_basic, minmay_pentomino_o4
D:2:      layout_loops_ring, basic_ecumenical_altar, kennysheep_jessica_study,
          uniq_sigmund
D:3:      layout_rooms, mainiacjoe_overflow_concentric_impassable,
          nicolae_uskayaw_dance_hall, gup_sewer_entry_pipe, solitary_fountain

Notes
Turn   | Place    | Note
-------+----------+-------------------------------------------
     0 | Abyss:1  | spiderkeys the Spriggan Abyssal Knight began the quest for
                  | the Orb.
     0 | Abyss:1  | Reached XP level 1. HP: 11/11 MP: 3/3
     0 | Abyss:1  | magus.rc [v1.11.3]
    11 | D:1      | You pass through the gate.
    11 | D:1      | Escaped the Abyss
    65 | D:1      | You pick up a book of the Spheres and begin reading...
    65 | D:1      | You add the spells Iskenderun's Battlesphere, Fireball,
                  | Conjure Ball Lightning and Orb of Destruction to your
                  | library.
   333 | D:1      | Reached skill level 1 in Stealth
   336 | D:1      | Reached XP level 2. HP: 9/16 MP: 4/4
   887 | D:1      | Reached skill level 2 in Stealth
   887 | D:1      | Reached XP level 3. HP: 19/19 MP: 5/5
   934 | D:1      | Reached *** piety under Lugonu
  1392 | D:2      | Reached skill level 4 in Dodging
  1401 | D:2      | Noticed Jessica
  1470 | D:2      | Reached skill level 3 in Short Blades
  1481 | D:2      | Found a faded altar of an unknown god.
  1564 | D:2      | Noticed Sigmund
  1595 | D:2      | Reached XP level 4. HP: 23/23 MP: 6/6
  1620 | D:2      | HP: 2/23 [Sigmund/puff of flame (13)]
  1657 | D:2      | You pick up a book of Misfortune and begin reading...
  1657 | D:2      | You add the spells Confusing Touch, Yara's Violent
                  | Unravelling and Enfeeble to your library.
  1894 | D:2      | Reached skill level 3 in Fighting
  2078 | D:2      | Reached skill level 3 in Stealth
  2222 | D:2      | Killed Sigmund
  2223 | D:2      | Reached skill level 5 in Dodging
  2223 | D:2      | Reached skill level 4 in Stealth
  2223 | D:2      | Reached XP level 5. HP: 28/28 MP: 7/7
  2332 | D:2      | Killed Jessica
  2333 | D:2      | Reached XP level 6. HP: 31/32 MP: 8/8
  2441 | D:3      | Found a basalt altar of Yredelemnul.
  2517 | D:3      | Reached skill level 4 in Short Blades
  2620 | D:3      | Reached **** piety under Lugonu
  2712 | D:3      | HP: 7/32 [orc priest/divine providence (14)]
  2716 | D:3      | Killed from afar by an orc priest

Vanquished Creatures
  Sigmund (D:2)
  Jessica (D:2)
  4 adders
  A worm (D:2)
  6 dart slugs
  An orc (D:3)
  3 ball pythons
  8 endoplasms
  A giant cockroach (D:2)
  4 goblins
  7 hobgoblins
  4 jackals (D:3)
  9 kobolds
  5 quokkas
  6 bats
  A frilled lizard (D:2)
  9 rats
71 creatures vanquished.

Vanquished Creatures (others)
  A giant cockroach (D:3)
1 creature vanquished.

Grand Total: 72 creatures vanquished

Table legend:
 A = Non-vault XP
 B = Vault XP
 C = Vault XP percentage of total XP
 D = Non-vault monster count
 E = Vault monster count
 F = Vault count percentage of total count
                 A         B        C        D         E       F
            +---------+---------+-------+---------+---------+-------
      Total |     173 |     267 |  60.7 |      65 |       6 |   8.5
            +---------+---------+-------+---------+---------+-------
        D:1 |      55 |       3 |   5.2 |      28 |       2 |   6.7
        D:2 |      82 |     262 |  76.2 |      24 |       3 |  11.1
        D:3 |      36 |       2 |   5.3 |      13 |       1 |   7.1
            +---------+---------+-------+---------+---------+-------

Illustrated notes

Table legend:
 A = Kills in this place as a percentage of kills in entire the game.
 B = Kills by you in this place as a percentage of kills by you in the entire game.
 C = Kills by friends in this place as a percentage of kills by friends in the entire game.
 D = Other kills in this place as a percentage of other kills in the entire game.
 E = Experience gained in this place as a percentage of experience gained in the entire game.
 F = Experience gained in this place divided by the number of levels of this place that you have seen.
                   A       B       C       D       E      F
               +-------+-------+-------+-------+-------+----------------------
         Total | 100.0 | 100.0 |   N/A |   N/A | 100.0 | 110.0
       Dungeon | 100.0 | 100.0 |   N/A |   N/A | 100.0 | 146.7
               +-------+-------+-------+-------+-------+----------------------

Table legend: (Time is in decaauts)
 A = Elapsed time spent in this place.
 B = Non-inter-level travel time spent in this place.
 C = Inter-level travel time spent in this place.
 D = Time resting spent in this place.
 E = Time spent auto-exploring this place.
 F = Levels seen in this place.
 G = Mean time per level.
                   A        B        C        D        E       F      G
               +--------+--------+--------+--------+--------+-----+--------+
         Total |   2057 |   2026 |     31 |    558 |    841 |   4 |  514.2 |
       Dungeon |   2050 |   2019 |     31 |    558 |    839 |   3 |  683.3 |
         Abyss |      7 |      7 |      0 |      0 |      1 |   1 |    7.0 |
               +--------+--------+--------+--------+--------+-----+--------+

Top non-repeatable levels by time:
     D:1: 1006 daAuts
     D:2: 841 daAuts
     D:3: 203 daAuts
 Abyss:1: 7 daAuts
